[ AOE2 MATCH · #482272323 ]
UnrankedVietnamese vs Khmer
[ REPLAY ANALYSIS · EXTRACTED FROM THE RECORDED GAME ]
Feudal
10:23
Castle
15:58
Imperial
30:35
| APM avg | 45.6 |
| APM peak | 99 |
| eAPM avg | 26.4 |
| Villagers / military | 166 / 372 |
Focus
⚔️ 45.8% · 🌾 54.2%
Spearman ×223 · Skirmisher ×132 · Bombard Cannon ×5 · Monk ×4 · Mangonel ×4 · Trebuchet (Packed) ×4
Feudal
10:56
Castle
14:07
Imperial
30:53
| APM avg | 32.4 |
| APM peak | 76 |
| eAPM avg | 16.0 |
| Villagers / military | 151 / 224 |
Focus
⚔️ 24.6% · 🌾 75.4%
Scout Cavalry ×80 · Skirmisher ×60 · Knight ×43 · Scorpion ×32 · Trebuchet (Packed) ×6 · Ballista Elephant ×3
Feudal
11:40
Castle
17:15
Imperial
36:00
| APM avg | 11.1 |
| APM peak | 48 |
| eAPM avg | 7.9 |
| Villagers / military | 66 / 116 |
Focus
⚔️ 38.4% · 🌾 61.6%
Jaguar Warrior ×98 · Monk ×10 · Battering Ram ×6 · Trade Cart ×4 · Scorpion ×2
Feudal
12:49
Castle
19:50
Imperial
27:33
| APM avg | 22.6 |
| APM peak | 57 |
| eAPM avg | 15.5 |
| Villagers / military | 142 / 214 |
Focus
⚔️ 26.4% · 🌾 73.6%
War Elephant ×128 · Camel Scout ×71 · Trade Cart ×32 · Petard ×10 · Trebuchet (Packed) ×4 · Monk ×1
Match map
Initial resources + every placement click. Lines = walls · curves = elevation contours. ◆ gold · ⬟ stone · ● berries · ✦ relic · ◌ wall gap
Your base· ✓ Closed at 15:58 · 0t walls · 2 gate(s)
Quack's base· ✓ Closed at 14:07 · 0t walls · 2 gate(s)
明天好了's base· ✓ Closed at 17:15 · 0t walls · 2 gate(s)
Kappachero's base· ✓ Closed at 19:50 · 0t walls · 2 gate(s)
Smoothed initial terrain · ◌ = detected wall gap · hover for details
Inputs per minute
— 1210435972 - - Quack
Build order — 1210435972
First 150 of 759 actions detected
| 0:03 | Create | Villager (Male) |
| 0:03 | Create | Villager (Male) |
| 0:04 | Create | Villager (Male) |
| 0:04 | Create | Villager (Male) |
| 0:04 | Create | Villager (Male) |
| 0:05 | Build | House |
| 0:06 | Build | House |
| 1:55 | Create | Villager (Male) |
| 1:55 | Create | Villager (Male) |
| 1:56 | Build | Lumber Camp |
| 2:38 | Create | Villager (Male) |
| 3:01 | Create | Villager (Male) |
| 3:35 | Create | Villager (Male) |
| 4:02 | Create | Villager (Male) |
| 4:02 | Create | Villager (Male) |
| 4:02 | Create | Villager (Male) |
| 4:03 | Create | Villager (Male) |
| 4:46 | Build | House |
| 5:15 | Create | Villager (Male) |
| 5:32 | Create | Villager (Male) |
| 5:50 | Create | Villager (Male) |
| 5:58 | Build | House |
| 6:14 | Create | Villager (Male) |
| 6:31 | Create | Villager (Male) |
| 6:59 | Build | Mill |
| 7:04 | Create | Villager (Male) |
| 8:11 | Create | Villager (Male) |
| 8:12 | Research | Feudal Age |
| 8:59 | Build | House |
| 9:13 | Create | Villager (Male) |
| 10:16 | Build | Farm |
| 10:19 | Build | Farm |
| 10:23 | Age | Feudal Age |
| 10:32 | Build | Blacksmith |
| 10:46 | Create | Villager (Male) |
| 10:58 | Build | Market |
| 11:12 | Create | Villager (Male) |
| 11:15 | Build | Farm |
| 11:30 | Create | Villager (Male) |
| 11:46 | Create | Villager (Male) |
| 11:52 | Build | Mining Camp |
| 12:05 | Build | Farm |
| 12:06 | Create | Villager (Male) |
| 12:31 | Build | Farm |
| 12:31 | Create | Villager (Male) |
| 13:04 | Research | Castle Age |
| 13:04 | Research | Castle Age |
| 13:04 | Research | Castle Age |
| 13:39 | Research | Double-Bit Axe |
| 13:39 | Research | Double-Bit Axe |
| 13:44 | Build | House |
| 13:47 | Build | House |
| 14:05 | Research | Horse Collar |
| 14:48 | Create | Villager (Male) |
| 15:58 | Age | Castle Age |
| 16:04 | Build | Town Center |
| 16:07 | Create | Villager (Male) |
| 16:07 | Create | Villager (Male) |
| 16:22 | Build | Farm |
| 16:23 | Build | Farm |
| 16:34 | Build | Monastery |
| 16:34 | Create | Villager (Male) |
| 16:37 | Build | Farm |
| 16:38 | Create | Villager (Male) |
| 16:59 | Build | Town Center |
| 17:00 | Create | Villager (Male) |
| 17:02 | Create | Villager (Male) |
| 17:13 | Create | Villager (Male) |
| 17:24 | Build | Farm |
| 17:33 | Build | Farm |
| 17:33 | Create | Villager (Male) |
| 17:49 | Create | Villager (Male) |
| 17:50 | Create | Villager (Male) |
| 18:09 | Build | Farm |
| 18:10 | Create | Villager (Male) |
| 18:31 | Build | Farm |
| 18:32 | Create | Villager (Male) |
| 18:34 | Build | Farm |
| 18:35 | Create | Villager (Male) |
| 18:43 | Build | Town Center |
| 18:47 | Create | Villager (Male) |
| 18:48 | Create | Villager (Male) |
| 18:48 | Create | Villager (Male) |
| 18:58 | Create | Monk |
| 19:05 | Create | Villager (Male) |
| 19:06 | Create | Villager (Male) |
| 19:15 | Build | Farm |
| 19:17 | Build | Farm |
| 19:18 | Create | Villager (Male) |
| 19:23 | Build | Farm |
| 19:24 | Create | Villager (Male) |
| 19:35 | Create | Villager (Male) |
| 19:40 | Build | Farm |
| 19:45 | Create | Villager (Male) |
| 19:46 | Create | Villager (Male) |
| 20:09 | Create | Villager (Male) |
| 20:10 | Create | Villager (Male) |
| 20:11 | Build | Farm |
| 20:12 | Create | Villager (Male) |
| 20:17 | Build | Farm |
| 20:18 | Create | Villager (Male) |
| 20:22 | Build | Farm |
| 20:26 | Build | House |
| 20:26 | Build | House |
| 20:26 | Build | House |
| 20:27 | Build | House |
| 20:27 | Build | House |
| 20:27 | Build | House |
| 20:28 | Build | House |
| 20:28 | Build | House |
| 20:28 | Build | House |
| 20:48 | Create | Monk |
| 20:57 | Build | Farm |
| 21:01 | Build | Farm |
| 21:02 | Create | Villager (Male) |
| 21:03 | Create | Villager (Male) |
| 21:10 | Create | Villager (Male) |
| 21:10 | Create | Villager (Male) |
| 21:16 | Build | Farm |
| 21:17 | Build | Farm |
| 21:21 | Build | House |
| 21:30 | Create | Villager (Male) |
| 21:30 | Create | Villager (Male) |
| 21:37 | Build | Farm |
| 21:37 | Build | Farm |
| 21:37 | Build | Farm |
| 21:38 | Create | Villager (Male) |
| 21:38 | Create | Villager (Male) |
| 21:38 | Create | Villager (Male) |
| 21:39 | Create | Villager (Male) |
| 21:39 | Create | Villager (Male) |
| 21:47 | Build | Farm |
| 21:50 | Create | Villager (Male) |
| 21:51 | Create | Villager (Male) |
| 21:51 | Create | Villager (Male) |
| 22:08 | Build | Farm |
| 22:08 | Create | Villager (Male) |
| 22:17 | Create | Villager (Male) |
| 22:17 | Create | Villager (Male) |
| 22:20 | Build | House |
| 22:20 | Create | Villager (Male) |
| 22:30 | Build | Farm |
| 22:31 | Create | Villager (Male) |
| 22:31 | Create | Villager (Male) |
| 22:42 | Create | Villager (Male) |
| 22:42 | Create | Villager (Male) |
| 22:45 | Create | Villager (Male) |
| 22:54 | Build | Farm |
| 22:56 | Build | House |
| 23:07 | Create | Villager (Male) |
Build order — Quack
First 150 of 392 actions detected
| 0:04 | Create | Villager (Male) |
| 0:04 | Create | Villager (Male) |
| 0:09 | Create | Villager (Male) |
| 0:09 | Create | Villager (Male) |
| 0:29 | Build | House |
| 0:35 | Build | House |
| 0:36 | Build | House |
| 1:10 | Build | House |
| 2:35 | Create | Villager (Male) |
| 2:56 | Create | Villager (Male) |
| 2:56 | Create | Villager (Male) |
| 3:46 | Create | Villager (Male) |
| 3:46 | Create | Villager (Male) |
| 4:20 | Create | Villager (Male) |
| 4:46 | Create | Villager (Male) |
| 5:01 | Create | Villager (Male) |
| 5:02 | Create | Villager (Male) |
| 5:30 | Create | Villager (Male) |
| 5:46 | Create | Villager (Male) |
| 6:03 | Create | Villager (Male) |
| 6:41 | Create | Villager (Male) |
| 6:53 | Create | Villager (Male) |
| 7:08 | Create | Villager (Male) |
| 8:33 | Research | Feudal Age |
| 9:10 | Build | Mining Camp |
| 10:01 | Build | Mill |
| 10:26 | Build | Lumber Camp |
| 10:56 | Age | Feudal Age |
| 11:02 | Create | Villager (Male) |
| 11:23 | Research | Castle Age |
| 11:57 | Research | Double-Bit Axe |
| 13:13 | Research | Wheelbarrow |
| 14:07 | Age | Castle Age |
| 14:11 | Build | Town Center |
| 15:10 | Create | Villager (Male) |
| 15:10 | Create | Villager (Male) |
| 15:28 | Build | Town Center |
| 15:37 | Build | Mill |
| 15:50 | Create | Villager (Male) |
| 15:50 | Create | Villager (Male) |
| 15:53 | Build | Farm |
| 16:12 | Build | Farm |
| 16:12 | Build | Farm |
| 16:14 | Build | Farm |
| 16:18 | Build | Farm |
| 16:31 | Build | Farm |
| 16:40 | Create | Villager (Male) |
| 16:41 | Create | Villager (Male) |
| 16:41 | Create | Villager (Male) |
| 16:41 | Create | Villager (Male) |
| 16:59 | Build | Farm |
| 16:59 | Build | Farm |
| 17:06 | Create | Villager (Male) |
| 17:20 | Build | Farm |
| 17:43 | Build | Farm |
| 17:46 | Create | Villager (Male) |
| 17:46 | Create | Villager (Male) |
| 17:46 | Create | Villager (Male) |
| 17:47 | Create | Villager (Male) |
| 17:54 | Create | Villager (Male) |
| 17:54 | Create | Villager (Male) |
| 18:05 | Build | House |
| 18:08 | Build | House |
| 18:13 | Create | Villager (Male) |
| 18:14 | Create | Villager (Male) |
| 18:14 | Create | Villager (Male) |
| 18:14 | Create | Villager (Male) |
| 18:19 | Build | Farm |
| 18:27 | Create | Villager (Male) |
| 18:27 | Create | Villager (Male) |
| 18:41 | Build | Market |
| 18:47 | Build | Farm |
| 18:48 | Create | Villager (Male) |
| 18:48 | Create | Villager (Male) |
| 18:49 | Create | Villager (Male) |
| 18:49 | Create | Villager (Male) |
| 18:55 | Create | Villager (Male) |
| 18:56 | Create | Villager (Male) |
| 19:08 | Build | Farm |
| 19:16 | Create | Villager (Male) |
| 19:16 | Create | Villager (Male) |
| 19:16 | Create | Villager (Male) |
| 19:22 | Build | House |
| 19:24 | Build | House |
| 19:25 | Build | House |
| 19:26 | Build | House |
| 19:29 | Create | Villager (Male) |
| 19:29 | Create | Villager (Male) |
| 19:30 | Create | Villager (Male) |
| 19:30 | Create | Villager (Male) |
| 20:11 | Create | Villager (Male) |
| 20:11 | Create | Villager (Male) |
| 20:11 | Create | Villager (Male) |
| 20:20 | Create | Villager (Male) |
| 20:21 | Create | Villager (Male) |
| 20:21 | Create | Villager (Male) |
| 20:21 | Create | Villager (Male) |
| 20:21 | Create | Villager (Male) |
| 20:43 | Create | Villager (Male) |
| 20:43 | Create | Villager (Male) |
| 20:44 | Create | Villager (Male) |
| 20:44 | Create | Villager (Male) |
| 20:50 | Build | Farm |
| 20:50 | Build | Farm |
| 20:51 | Build | Farm |
| 20:51 | Build | Farm |
| 21:09 | Research | Horse Collar |
| 21:13 | Research | Bow Saw |
| 21:17 | Research | Stone Mining |
| 21:28 | Build | Farm |
| 21:28 | Build | Farm |
| 21:28 | Build | Farm |
| 21:28 | Build | Farm |
| 21:31 | Create | Villager (Male) |
| 21:31 | Create | Villager (Male) |
| 21:32 | Create | Villager (Male) |
| 21:41 | Create | Villager (Male) |
| 22:30 | Create | Villager (Male) |
| 22:31 | Create | Villager (Male) |
| 22:31 | Create | Villager (Male) |
| 22:35 | Create | Villager (Male) |
| 22:35 | Create | Villager (Male) |
| 22:36 | Create | Villager (Male) |
| 22:36 | Create | Villager (Male) |
| 22:36 | Create | Villager (Male) |
| 22:51 | Build | Town Center |
| 22:53 | Create | Villager (Male) |
| 22:54 | Create | Villager (Male) |
| 22:54 | Create | Villager (Male) |
| 22:54 | Create | Villager (Male) |
| 22:55 | Create | Villager (Male) |
| 22:58 | Build | Farm |
| 22:58 | Build | Farm |
| 22:59 | Build | Farm |
| 23:01 | Create | Villager (Male) |
| 23:01 | Create | Villager (Male) |
| 23:02 | Create | Villager (Male) |
| 23:24 | Research | Hand Cart |
| 23:34 | Build | House |
| 23:36 | Build | House |
| 23:50 | Build | Gate |
| 23:53 | Build | House |
| 24:01 | Create | Villager (Male) |
| 24:02 | Create | Villager (Male) |
| 24:02 | Create | Villager (Male) |
| 24:03 | Create | Villager (Male) |
| 24:03 | Create | Villager (Male) |
| 24:03 | Create | Villager (Male) |
| 24:07 | Create | Villager (Male) |
| 24:08 | Create | Villager (Male) |
Build order — 明天好了
First 150 of 275 actions detected
| 0:01 | Create | Villager (Male) |
| 0:02 | Create | Villager (Male) |
| 0:02 | Create | Villager (Male) |
| 0:04 | Create | Villager (Male) |
| 0:04 | Create | Villager (Male) |
| 0:08 | Build | House |
| 0:11 | Build | House |
| 1:34 | Create | Villager (Male) |
| 2:00 | Create | Villager (Male) |
| 3:19 | Build | House |
| 3:23 | Create | Villager (Male) |
| 3:24 | Create | Villager (Male) |
| 3:24 | Create | Villager (Male) |
| 3:38 | Create | Villager (Male) |
| 3:53 | Create | Villager (Male) |
| 3:58 | Build | House |
| 4:19 | Create | Villager (Male) |
| 5:04 | Create | Villager (Male) |
| 5:05 | Create | Villager (Male) |
| 5:33 | Create | Villager (Male) |
| 5:40 | Build | House |
| 6:09 | Build | Mill |
| 7:11 | Create | Villager (Male) |
| 7:15 | Create | Villager (Male) |
| 7:55 | Build | Lumber Camp |
| 9:30 | Research | Feudal Age |
| 10:25 | Build | Mining Camp |
| 10:35 | Build | Mining Camp |
| 11:34 | Create | Villager (Male) |
| 11:35 | Create | Villager (Male) |
| 11:40 | Age | Feudal Age |
| 11:41 | Research | Double-Bit Axe |
| 11:59 | Build | Market |
| 12:07 | Build | Blacksmith |
| 12:19 | Build | Farm |
| 12:33 | Build | Farm |
| 12:34 | Create | Villager (Male) |
| 13:00 | Create | Villager (Male) |
| 13:07 | Build | Farm |
| 13:29 | Build | Farm |
| 13:31 | Create | Villager (Male) |
| 13:55 | Create | Villager (Male) |
| 14:00 | Build | Farm |
| 14:29 | Build | Farm |
| 14:35 | Research | Castle Age |
| 14:59 | Build | House |
| 15:05 | Build | House |
| 15:07 | Build | House |
| 15:09 | Build | House |
| 15:11 | Build | House |
| 16:10 | Research | Gold Mining |
| 16:56 | Build | House |
| 17:06 | Create | Villager (Male) |
| 17:07 | Create | Villager (Male) |
| 17:15 | Age | Castle Age |
| 18:27 | Build | Castle |
| 18:37 | Build | Farm |
| 18:39 | Build | Farm |
| 18:41 | Create | Villager (Male) |
| 19:16 | Build | Siege Workshop |
| 19:27 | Build | Monastery |
| 19:38 | Create | Villager (Male) |
| 19:38 | Create | Villager (Male) |
| 19:42 | Research | Horse Collar |
| 20:57 | Build | Barracks |
| 21:12 | Create | Scorpion |
| 21:13 | Create | Scorpion |
| 22:39 | Create | Villager (Male) |
| 22:39 | Create | Villager (Male) |
| 22:39 | Create | Villager (Male) |
| 22:50 | Build | Town Center |
| 23:14 | Build | Farm |
| 23:36 | Build | Mill |
| 23:42 | Create | Jaguar Warrior |
| 23:43 | Create | Jaguar Warrior |
| 23:43 | Create | Jaguar Warrior |
| 23:43 | Create | Jaguar Warrior |
| 23:43 | Create | Jaguar Warrior |
| 23:44 | Create | Jaguar Warrior |
| 23:44 | Create | Jaguar Warrior |
| 23:44 | Create | Jaguar Warrior |
| 23:45 | Create | Jaguar Warrior |
| 23:45 | Create | Jaguar Warrior |
| 23:45 | Create | Jaguar Warrior |
| 23:46 | Create | Jaguar Warrior |
| 23:46 | Create | Jaguar Warrior |
| 23:46 | Create | Jaguar Warrior |
| 23:46 | Create | Jaguar Warrior |
| 23:53 | Build | Farm |
| 24:00 | Create | Battering Ram |
| 24:07 | Build | Farm |
| 24:24 | Create | Villager (Male) |
| 25:10 | Research | Forging |
| 25:13 | Research | Bow Saw |
| 25:16 | Create | Villager (Male) |
| 25:32 | Create | Monk |
| 25:32 | Create | Monk |
| 26:13 | Build | Farm |
| 26:14 | Create | Villager (Male) |
| 26:15 | Create | Villager (Male) |
| 26:17 | Create | Villager (Male) |
| 26:18 | Create | Villager (Male) |
| 26:52 | Build | Farm |
| 26:59 | Build | Farm |
| 27:00 | Create | Villager (Male) |
| 27:07 | Create | Villager (Male) |
| 27:35 | Create | Battering Ram |
| 27:35 | Create | Battering Ram |
| 27:47 | Build | Farm |
| 27:51 | Build | Farm |
| 29:29 | Create | Villager (Male) |
| 29:32 | Create | Villager (Male) |
| 29:52 | Create | Villager (Male) |
| 29:53 | Create | Villager (Male) |
| 29:53 | Create | Villager (Male) |
| 29:53 | Create | Villager (Male) |
| 31:36 | Build | Farm |
| 32:42 | Research | Iron Casting |
| 32:44 | Research | Scale Mail Armor |
| 32:50 | Research | Imperial Age |
| 32:54 | Create | Villager (Male) |
| 32:54 | Create | Villager (Male) |
| 33:12 | Research | Gold Shaft Mining |
| 33:30 | Build | Farm |
| 33:54 | Build | Farm |
| 33:57 | Create | Villager (Male) |
| 33:57 | Create | Villager (Male) |
| 34:00 | Research | Wheelbarrow |
| 34:22 | Create | Jaguar Warrior |
| 34:22 | Create | Jaguar Warrior |
| 34:23 | Create | Jaguar Warrior |
| 34:23 | Create | Jaguar Warrior |
| 34:23 | Create | Jaguar Warrior |
| 34:24 | Create | Jaguar Warrior |
| 34:24 | Create | Jaguar Warrior |
| 34:24 | Create | Jaguar Warrior |
| 34:25 | Create | Jaguar Warrior |
| 34:25 | Create | Jaguar Warrior |
| 34:25 | Create | Jaguar Warrior |
| 34:25 | Create | Jaguar Warrior |
| 34:44 | Create | Villager (Male) |
| 34:45 | Create | Villager (Male) |
| 34:45 | Create | Villager (Male) |
| 34:46 | Create | Villager (Male) |
| 34:46 | Create | Villager (Male) |
| 35:03 | Create | Villager (Male) |
| 35:58 | Create | Monk |
| 35:58 | Create | Monk |
| 36:00 | Age | Imperial Age |
| 36:20 | Create | Villager (Male) |
Build order — Kappachero
First 150 of 399 actions detected
| 1:05 | Create | Villager (Male) |
| 1:05 | Create | Villager (Male) |
| 1:06 | Create | Villager (Male) |
| 1:06 | Create | Villager (Male) |
| 1:06 | Create | Villager (Male) |
| 1:11 | Build | House |
| 1:13 | Build | House |
| 1:13 | Build | House |
| 1:14 | Build | House |
| 1:16 | Build | House |
| 1:17 | Build | House |
| 2:49 | Create | Villager (Male) |
| 3:25 | Create | Villager (Male) |
| 3:26 | Create | Villager (Male) |
| 3:45 | Create | Villager (Male) |
| 4:12 | Create | Villager (Male) |
| 4:13 | Create | Villager (Male) |
| 4:48 | Create | Villager (Male) |
| 4:48 | Create | Villager (Male) |
| 5:10 | Create | Villager (Male) |
| 5:46 | Create | Villager (Male) |
| 6:02 | Create | Villager (Male) |
| 6:25 | Create | Villager (Male) |
| 6:26 | Create | Villager (Male) |
| 6:29 | Create | Villager (Male) |
| 6:29 | Create | Villager (Male) |
| 6:49 | Create | Villager (Male) |
| 6:49 | Create | Villager (Male) |
| 6:59 | Build | Mill |
| 7:10 | Create | Villager (Male) |
| 7:32 | Create | Villager (Male) |
| 8:02 | Create | Villager (Male) |
| 8:13 | Create | Villager (Male) |
| 8:40 | Build | Lumber Camp |
| 9:16 | Create | Villager (Male) |
| 9:47 | Create | Villager (Male) |
| 10:04 | Build | Mining Camp |
| 10:32 | Research | Feudal Age |
| 11:01 | Create | Villager (Male) |
| 11:01 | Create | Villager (Male) |
| 12:18 | Build | Mill |
| 12:49 | Age | Feudal Age |
| 12:51 | Create | Villager (Male) |
| 13:15 | Create | Villager (Male) |
| 13:28 | Research | Horse Collar |
| 13:35 | Build | Farm |
| 13:37 | Build | Farm |
| 13:42 | Build | Farm |
| 13:58 | Build | Farm |
| 14:00 | Create | Villager (Male) |
| 14:04 | Build | Mining Camp |
| 14:06 | Create | Villager (Male) |
| 14:21 | Build | House |
| 14:23 | Build | House |
| 14:24 | Build | House |
| 14:26 | Build | House |
| 14:27 | Build | House |
| 14:31 | Create | Villager (Male) |
| 14:47 | Build | Farm |
| 15:41 | Build | Market |
| 15:47 | Build | Blacksmith |
| 15:53 | Create | Villager (Male) |
| 15:54 | Create | Villager (Male) |
| 17:02 | Build | Mill |
| 17:22 | Create | Villager (Male) |
| 17:25 | Research | Castle Age |
| 17:25 | Create | Villager (Male) |
| 17:25 | Create | Villager (Male) |
| 17:25 | Create | Villager (Male) |
| 17:25 | Create | Villager (Male) |
| 17:26 | Create | Villager (Male) |
| 17:48 | Build | Farm |
| 17:51 | Build | Farm |
| 17:54 | Build | Farm |
| 17:57 | Build | Farm |
| 18:01 | Build | Farm |
| 19:50 | Age | Castle Age |
| 20:57 | Build | Farm |
| 20:58 | Build | Farm |
| 21:00 | Build | Farm |
| 21:01 | Build | Farm |
| 21:10 | Create | Villager (Male) |
| 21:11 | Create | Villager (Male) |
| 21:11 | Create | Villager (Male) |
| 21:12 | Create | Villager (Male) |
| 21:12 | Create | Villager (Male) |
| 21:19 | Build | Castle |
| 21:28 | Create | Villager (Male) |
| 21:56 | Build | Farm |
| 21:59 | Build | Farm |
| 22:01 | Build | Farm |
| 22:04 | Build | Farm |
| 22:15 | Build | Farm |
| 22:17 | Create | Villager (Male) |
| 22:18 | Create | Villager (Male) |
| 22:19 | Create | Villager (Male) |
| 22:28 | Build | Town Center |
| 22:47 | Build | Farm |
| 22:49 | Create | Villager (Male) |
| 22:50 | Create | Villager (Male) |
| 22:59 | Create | Villager (Male) |
| 23:11 | Create | Villager (Male) |
| 23:21 | Build | House |
| 23:22 | Build | House |
| 23:23 | Build | House |
| 23:24 | Build | House |
| 23:24 | Build | House |
| 23:27 | Build | House |
| 23:27 | Build | House |
| 23:29 | Build | House |
| 23:30 | Build | House |
| 23:30 | Build | House |
| 23:32 | Build | House |
| 23:34 | Build | House |
| 23:41 | Build | Farm |
| 23:45 | Build | Farm |
| 23:56 | Create | Villager (Male) |
| 23:56 | Create | Villager (Male) |
| 23:56 | Create | Villager (Male) |
| 23:57 | Create | Villager (Male) |
| 24:19 | Build | Farm |
| 24:27 | Research | Imperial Age |
| 24:30 | Build | Farm |
| 24:38 | Create | Villager (Male) |
| 24:39 | Create | Villager (Male) |
| 24:39 | Create | Villager (Male) |
| 24:39 | Create | Villager (Male) |
| 24:39 | Create | Villager (Male) |
| 24:52 | Build | Farm |
| 25:16 | Create | Villager (Male) |
| 25:22 | Research | Heavy Plow |
| 25:26 | Research | Double-Bit Axe |
| 25:59 | Research | Caravan |
| 26:03 | Create | Trade Cart |
| 26:07 | Create | Trade Cart |
| 26:34 | Build | Barracks |
| 27:29 | Create | War Elephant |
| 27:33 | Age | Imperial Age |
| 27:35 | Create | Villager (Male) |
| 27:35 | Create | Villager (Male) |
| 27:35 | Create | Villager (Male) |
| 27:38 | Create | Villager (Male) |
| 27:38 | Create | Villager (Male) |
| 27:38 | Create | Villager (Male) |
| 27:39 | Create | Villager (Male) |
| 27:39 | Create | Villager (Male) |
| 27:54 | Build | House |
| 27:55 | Build | House |
| 27:56 | Build | House |
| 27:58 | Build | House |
Match timeline
| 10:23 | 1210435972 · age_up feudal |
| 10:56 | Quack · age_up feudal |
| 11:40 | 明天好了 · age_up feudal |
| 12:49 | Kappachero · age_up feudal |
| 12:53 | 1210435972 · first_market_sell 100 stone |
| 14:07 | Quack · age_up castle |
| 15:58 | 1210435972 · age_up castle |
| 16:34 | 1210435972 · first_building Monastery |
| 16:55 | 1210435972 · first_market_buy 100 stone |
| 17:15 | 明天好了 · age_up castle |
| 18:27 | 明天好了 · first_building Castle |
| 19:16 | 明天好了 · first_building Siege Workshop |
| 19:27 | 明天好了 · first_building Monastery |
| 19:50 | Kappachero · age_up castle |
| 20:57 | 明天好了 · first_building Barracks |
| 21:19 | Kappachero · first_building Castle |
| 24:40 | Quack · first_building Stable |
| 25:33 | 1210435972 · first_building Castle |
| 26:34 | Kappachero · first_building Barracks |
| 27:33 | Kappachero · age_up imperial |
| 27:36 | 1210435972 · first_building Barracks |
| 28:11 | Quack · first_building Castle |
| 28:15 | 1210435972 · first_building Archery Range |
| 29:34 | Kappachero · wall_segment Stone Wall x5 |
| 30:35 | 1210435972 · age_up imperial |
| 30:53 | Quack · age_up imperial |
| 30:53 | 1210435972 · first_building Siege Workshop |
| 31:52 | Quack · first_building Siege Workshop |
| 32:31 | Kappachero · first_building Monastery |
| 36:00 | 明天好了 · age_up imperial |
| 39:17 | Kappachero · first_building Stable |
| 41:56 | Quack · first_building Archery Range |
| 43:08 | Quack · first_market_sell 100 wood |
| 50:01 | Kappachero · first_market_sell 100 wood |
| 53:15 | 1210435972 · resign |
[ AI ANALYSIS · 1 CREDIT ]
What really happened in this match?
Wolo.gg analyzes every decision: build order, eco, micro, common mistakes by bracket. Personalized analysis on WhatsApp or Discord in 30 seconds.
Civ guide
Vietnamese
Perfil
1210435972